AoeStats
← Sinsirella

Arena

509899767Analyzed
4v4 RM · 3d ago on Sep 28, 2026· 48m 36s· 8 players
Game mode
Random Map
Map size
Large (8 player)
Population
200
Speed
Normal
Resources
Standard
Victory
Conquest
Starting age
Dark Age
Ending age
Imperial Age
RankedLock teamsTeams togetherTeam positionsShared explorationLock speedFull tech treeHidden civsTurbo modeCheats
Victory
Defeat
🇨🇳 Khmer · China
695
+8
🇩🇪 Varangians · Germany
685
+8
🇹🇷 Turks · Türkiye
649
+9
🇨🇦 Britons · Canada
598
+11
🇹🇷 Khmer · Türkiye
544
-11
🇪🇸 Persians · Spain
528
-10
🇪🇬 Britons · Egypt
484
-9
🇮🇹 Franks · Italy
398
-6
godoyvagace
0:37 Loom
12:09 Feudal Age
13:32 Wheelbarrow
12:49 Double-Bit Axe
12:51 Horse Collar
15:40 Gold Mining
18:48 Stone Mining
25:20 Castle Age
24:29 Padded Archer Armor
24:21 Fletching
25:49 Heavy Plow
26:02 Bow Saw
26:30 Gold Shaft Mining
27:00 Hand Cart
28:30 Stone Shaft Mining
31:11 Leather Archer Armor
30:52 Bodkin Arrow
30:58 Scale Mail Armor
31:09 Forging
32:26 Ballistics
32:17 Masonry
32:57 Coinage
33:06 Kamandaran
34:56 Thumb Ring
36:33 Crossbowman
38:35 Caravan
41:03 Murder Holes
41:37 Squires
40:58 Pikeman
41:24 Gambesons
44:18 Imperial Age
43:37 Chain Mail Armor
43:58 Iron Casting
43:30 Scale Barding Armor
45:13 Ring Archer Armor
45:18 Plate Mail Armor
44:54 Scale Barding Armor
44:25 Halberdier
47:32 Elite War Elephant
hallerpeter14
10:19 Loom
13:15 Feudal Age
14:04 Double-Bit Axe
16:30 Gold Mining
16:31 Stone Mining
20:13 Castle Age
22:44 Gold Shaft Mining
24:35 Arson
28:03 Imperial Age
26:59 Bow Saw
28:52 Cavalier
34:13 Paladin
Sinsirella
0:35 Loom
20:27 Feudal Age
24:36 Castle Age
23:24 Double-Bit Axe
26:09 Caravan
28:57 Wheelbarrow
31:04 Imperial Age
31:24 Gold Mining
32:08 Horse Collar
32:46 Bow Saw
33:32 Scale Barding Armor
33:28 Padded Archer Armor
33:39 Forging
34:06 Heavy Plow
34:05 Stone Mining
36:13 Hand Cart
35:44 Town Watch
36:18 Leather Archer Armor
36:24 Chain Barding Armor
36:40 Iron Casting
35:30 Elite Ballista Elephant
36:32 Conscription
37:40 Stone Shaft Mining
37:41 Gold Shaft Mining
37:41 Ring Archer Armor
39:07 Plate Barding Armor
38:46 Town Patrol
38:51 Double Crossbow
40:21 Husbandry
41:23 Blast Furnace
40:55 Tusk Swords
samko.keta
Dmitry Petrovich
14:46 Feudal Age
21:53 Castle Age
23:02 Fletching
23:13 Padded Archer Armor
24:26 Caravan
26:54 Coinage
27:36 Wheelbarrow
27:08 Bodkin Arrow
27:29 Leather Archer Armor
27:11 Town Watch
27:56 Double-Bit Axe
28:04 Gold Mining
28:09 Stone Mining
28:03 Horse Collar
34:33 Hand Cart
34:19 Town Patrol
34:07 Loom
36:52 Imperial Age
34:07 Treadmill Crane
34:49 Ballistics
36:39 Gold Shaft Mining
36:07 Heavy Plow
36:22 Bow Saw
37:21 Elite Janissary
38:06 Bracer
38:37 Ring Archer Armor
38:29 Murder Holes
38:45 Masonry
38:22 Arrowslits
38:48 Fortified Wall
39:19 Banking
39:24 Guilds
nduivenvo
1:54 Loom
12:21 Feudal Age
12:53 Double-Bit Axe
12:50 Horse Collar
13:39 Gold Mining
13:16 Man-at-Arms
14:12 Stone Mining
16:30 Wheelbarrow
17:56 Arson
18:34 Town Watch
21:38 Castle Age
20:22 Forging
21:00 Fletching
21:11 Padded Archer Armor
23:21 Hand Cart
23:23 Heavy Plow
23:38 Bow Saw
24:16 Gold Shaft Mining
24:50 Town Patrol
28:51 Fortified Wall
28:37 Murder Holes
29:05 Ballistics
30:54 Treadmill Crane
34:32 Imperial Age
32:26 Masonry
32:19 Scale Mail Armor
32:49 Bodkin Arrow
33:46 Caravan
34:30 Chain Mail Armor
35:42 Iron Casting
35:23 Leather Archer Armor
34:32 Long Swordsman
35:30 Heated Shot
37:54 Chemistry
38:14 Two-Man Saw
37:03 Two-Handed Swordsman
38:48 Architecture
38:54 Bracer
38:51 Champion
38:53 Pikeman
40:01 Yeomen
40:07 Elite Longbowman
41:09 Conscription
42:15 Warwolf
43:05 Ring Archer Armor
43:05 Plate Mail Armor
Ana Catalina
0:39 Loom
13:12 Feudal Age
13:41 Horse Collar
13:59 Double-Bit Axe
15:15 Town Watch
21:14 Castle Age
19:47 Forging
19:28 Fletching
19:39 Scale Mail Armor
19:45 Scale Barding Armor
20:21 Stone Mining
20:36 Gold Mining
22:37 Iron Casting
23:08 Stone Shaft Mining
26:16 Heavy Plow
27:46 Guard Tower
28:07 Fortified Wall
28:19 Ballistics
27:51 Pikeman
30:00 Bow Saw
33:38 Imperial Age
32:58 Wheelbarrow
32:43 Vendel Legacy
35:33 Chain Mail Armor
35:38 Chain Barding Armor
35:14 Bodkin Arrow
35:20 Padded Archer Armor
35:06 Gothikon
37:18 Conscription
38:21 Chemistry
39:15 Masonry
40:08 Blast Furnace
40:33 Plate Barding Armor
42:20 Onager
46:26 Elite Jarl
战鹰
0:49 Loom
11:26 Feudal Age
12:09 Double-Bit Axe
12:07 Horse Collar
15:17 Gold Mining
20:29 Castle Age
19:16 Stone Mining
22:17 Bow Saw
22:10 Heavy Plow
22:51 Gold Shaft Mining
22:55 Stone Shaft Mining
23:06 Stone Shaft Mining
25:46 Caravan
35:24 Imperial Age
33:39 Wheelbarrow
36:46 Crop Rotation
36:48 Hand Cart
36:20 Town Watch
37:28 Husbandry
37:39 Bloodlines
39:53 Scale Barding Armor
40:02 Forging
39:18 Capped Ram
40:48 Elite Battle Elephant
42:02 Chain Barding Armor
41:29 Siege Ram
41:54 Elite Ballista Elephant
42:57 Conscription
42:43 Double Crossbow
43:22 Hoardings
47:28 Plate Barding Armor
47:32 Iron Casting
Connection lost

Rejoining the realm…

Still unreachable

The connection could not be restored.

Session expired

The server has moved on; the page needs a fresh start.